 Dungeon Crawl Stone Soup version 0.30-a0-643-g638baaf3f0 (webtiles) character file.

Game seed: 9405578976131530555

3928 Citaku the Protected (level 10, -9/88 HPs)
             Began as a Minotaur Fighter on Jan 16, 2023.
             Mangled by a seven-headed hydra (13 damage)
             ... on level 8 of the Dungeon.
             The game lasted 00:10:54 (8199 turns).

Citaku the Protected (Minotaur Fighter)             Turns: 8199, Time: 00:10:55

Health: -9/88      AC: 19    Str: 25    XL:     10   Next: 1%
Magic:  9/9        EV:  6    Int:  5    God:
Gold:   182        SH: 12    Dex: 10    Spells: 9/9 levels left

rFire   . . .      SeeInvis .    a - +0 war axe
rCold   . . .      Faith    .    H - +2 kite shield {AC+3}
rNeg    + . .      Spirit   .    l - +0 plate armour
rPois   .          Reflect  .    (helmet restricted)
rElec   .          Harm     .    d - +0 cloak
rCorr   .          Rampage  .    (no gloves)
Will    +....                    (no boots) Stlth
                                 (no amulet)
HPRegen 0.34/turn                i - ring of willpower
MPRegen 0.11/turn                c - ring of positive energy

@: no status effects
A: horns 2, retaliatory headbutt
a: no special abilities


You were on level 8 of the Dungeon.
You visited 1 branch of the dungeon, and saw 8 of its levels.

You collected 299 gold pieces.
You spent 117 gold pieces at shops.

Inventory:

Hand Weapons
 a - a +0 war axe (weapon)
Missiles
 m - 2 javelins (quivered)
Armour
 d - a +0 cloak (worn)
 l - a +0 plate armour (worn)
 H - a +2 kite shield of protection (worn)
Jewellery
 c - a ring of positive energy (right hand)
 i - a ring of willpower (left hand)
 n - a ring of see invisible
Wands
 o - a wand of roots (8)
 r - a wand of paralysis (11)
 C - a wand of flame (20)
 F - a wand of mindburst (19)
Scrolls
 b - 3 scrolls of enchant weapon {unknown}
 f - a scroll of torment {unknown}
 g - 17 scrolls of identify {unknown}
 h - a scroll of noise {unknown}
 k - a scroll of enchant armour {unknown}
 q - 4 scrolls of poison {unknown}
 s - a scroll of blinking {unknown}
 v - 3 scrolls of immolation {unknown}
 x - 2 scrolls of brand weapon {unknown}
 y - a scroll of fear {unknown}
 A - 3 scrolls of amnesia {unknown}
 D - a scroll of vulnerability {unknown}
 E - a scroll of teleportation {unknown}
Potions
 e - a potion of cancellation {unknown}
 j - a potion of curing
 p - 3 potions of degeneration
 t - 4 potions of heal wounds {unknown}
 u - a potion of mutation {unknown}
 w - a potion of magic {unknown}
 z - a potion of lignification {unknown}
 B - 4 potions of flight {unknown}
 G - a potion of invisibility


   Skills:
 + Level 7.8 Fighting
 * Level 10.2 Axes
 * Level 10.7 Armour
 + Level 8.0 Shields


You had 9 spell levels left.
You didn't know any spells.
Your spell library contained the following spells:

 Spells                   Type           Power      Damage    Failure   Level
 Kiss of Death            Conj/Necr      0%         2d5       100%        1
 Magic Dart               Conj           0%         1d3       100%        1
 Cigotuvi's Dreadful Rot  Necr/Pois/Air  0%         N/A       100%        2
 Poisonous Vapours        Pois/Air       0%         N/A       100%        2
 Searing Ray              Conj           0%         2d4       100%        2
 Confusing Touch          Hex            0%         N/A       100%        3
 Mephitic Cloud           Conj/Pois/Air  0%         N/A       100%        3
 Dispel Undead            Necr           0%         3d6       100%        4
 Fulminant Prism          Conj/Hex       0%         3d5       100%        4
 Alistair's Intoxication  Tmut/Pois      0%         N/A       100%        5
 Borgnjor's Vile Clutch   Necr/Erth      0%         N/A       100%        5
 Death Channel            Necr           0%         N/A       100%        6
 Eringya's Noxious Bog    Tmut/Pois      0%         N/A       100%        6


Dungeon Overview and Level Annotations

Branches:
Dungeon (8/15)
 Temple: D:4-7         Lair: D:8-11

Altars:
Elyvilon
Xom
Zin
The Shining One

Shops:
D:6 *


Innate Abilities, Weirdness & Mutations

You have a pair of horns on your head.
You reflexively headbutt those who attack you in melee.


Message History

You closely miss the kobold brigand.
The kobold brigand hits you but does no damage.
You block the six-headed hydra's attack.
The six-headed hydra bites you but does no damage.
The six-headed hydra bites you!
* * * LOW HITPOINT WARNING * * *
The six-headed hydra bites you.
* * * LOW HITPOINT WARNING * * *
The six-headed hydra bites you but does no damage.
The six-headed hydra bites you.
* * * LOW HITPOINT WARNING * * *
You completely miss the six-headed hydra.
The six-headed hydra is moderately wounded.
You hit the kobold brigand.
The kobold brigand hits you but does no damage.
The six-headed hydra bites you but does no damage. x2
The six-headed hydra bites you!
* * * LOW HITPOINT WARNING * * *
The six-headed hydra barely misses you. x3
You lop one of the six-headed hydra's heads off!
The five-headed hydra grows two more!
You slice the seven-headed hydra!! You headbutt the seven-headed hydra.
The seven-headed hydra is heavily wounded.
You hit the kobold brigand. You block the kobold brigand's attack.
The seven-headed hydra bites you but does no damage. x2
You block the seven-headed hydra's attack.
The seven-headed hydra bites you.
* * * LOW HITPOINT WARNING * * *
The seven-headed hydra bites you but does no damage.
The seven-headed hydra bites you.
* * * LOW HITPOINT WARNING * * *
The seven-headed hydra bites you but does no damage.
You barely miss the seven-headed hydra.
The seven-headed hydra is heavily wounded.
You hit the kobold brigand but do no damage.
The kobold brigand hits you but does no damage.
You block the seven-headed hydra's attack.
The seven-headed hydra completely misses you.
The seven-headed hydra bites you!
You die...

#... ########## #...........
##.###.....#..# #.#######..#
#..<##.♣.♣.'..# #.# #[.#
#....#~)♣..'..###.# #..#
#..#..†♣.♣.'..#...# #..#
######..###.....#.)##..# #...
#...##..# #~.P~P##+##..#######...
#...##..# #P~)~~#K.##............
#...##..###PP~P.@D.#.......[....#
#...##....###########.########...
....##..#.#.#########.#..........
....##..#....................>...
............####....#.#.......<..
....####..#.# #....#.#######..#.
.##.#.......# #....#............
.##.#.....######....#.###########
.+.............'....'............


You could see a seven-headed hydra and a kobold brigand.

Vanquished Creatures
  An unseen horror (D:6)
  Prince Ribbit (D:6)
  2 dream sheep (D:8)
  Sigmund (D:6)
  A wyvern (D:8)
  Eustachio (D:6)
  Edmund (D:4)
  Duvessa (D:4)
  2 water moccasins (D:7)
  An ice beast (D:7)
  2 sky beasts
  2 orc warriors (D:7)
  2 black bears
  2 ogres
  A centaur (D:6)
  2 kobold brigands (D:8)
  A necrophage (D:7)
  A gnoll sergeant (D:7)
  A bullfrog (D:8)
  2 scorpions (D:6)
  Dowan (D:4)
  4 electric eels (D:7)
  5 hounds
  Crazy Yiuf (D:4)
  2 orc priests (D:7)
  A jelly (D:8)
  A gnoll bouda (D:6)
  An orc wizard (D:6)
  Natasha (thrice) (D:2)
  Robin (D:2)
  5 adders
  10 gnolls
  A worm (D:3)
  2 dart slugs (D:1)
  26 orcs
  7 endoplasms
  5 giant cockroaches
  13 goblins
  11 hobgoblins
  4 jackals (D:3)
  3 quokkas
  14 ball pythons
  6 bats
  3 frilled lizards
  7 kobolds
  4 rats
169 creatures vanquished.

Vanquished Creatures (others)
  An orc (D:7)
  15 plants
16 creatures vanquished.

Grand Total: 185 creatures vanquished

Notes
Turn   | Place    | Note
-------+----------+-------------------------------------------
     0 | D:1      | Citaku the Minotaur Fighter began the quest for the Orb.
     0 | D:1      | Reached XP level 1. HP: 19/19 MP: 0/0
   106 | D:1      | Reached XP level 2. HP: 27/27 MP: 1/1
   363 | D:1      | Reached XP level 3. HP: 33/33 MP: 2/2
   787 | D:1      | Found a faded altar of an unknown god.
   910 | D:2      | Noticed Natasha
   914 | D:2      | Killed Natasha
   915 | D:2      | Reached XP level 4. HP: 29/40 MP: 3/3
  1095 | D:2      | Noticed Robin
  1101 | D:2      | Killed Robin
  1182 | D:2      | Noticed Natasha
  1189 | D:2      | Killed Natasha
  1190 | D:2      | Reached skill level 5 in Armour
  1190 | D:2      | Reached XP level 5. HP: 27/46 MP: 4/4
  1374 | D:2      | Noticed Natasha
  1380 | D:2      | Killed Natasha
  2459 | D:4      | Noticed Edmund
  2473 | D:4      | Killed Edmund
  2474 | D:4      | Reached skill level 5 in Axes
  2474 | D:4      | Reached XP level 6. HP: 31/53 MP: 5/5
  2671 | D:4      | Reached skill level 5 in Shields
  2675 | D:4      | Reached skill level 5 in Fighting
  2909 | D:4      | Found a runed translucent door.
  2910 | D:4      | Noticed Crazy Yiuf
  2916 | D:4      | Killed Crazy Yiuf
  3047 | D:4      | Noticed Duvessa
  3048 | D:4      | Noticed Dowan
  3061 | D:4      | Killed Duvessa
  3062 | D:4      | Reached XP level 7. HP: 28/61 MP: 6/6
  3069 | D:4      | Killed Dowan
  3337 | D:5      | Entered Level 5 of the Dungeon
  3535 | D:5      | You fall into a shaft and drop 2 floors!
  4032 | D:6      | Killed an unseen horror
  4033 | D:6      | Reached XP level 8. HP: 40/70 MP: 7/7
  4194 | D:6      | Found Ateafuot's Assorted Antiques.
  4199 | D:6      | Noticed Prince Ribbit
  4206 | D:6      | Bought a tower shield for 117 gold pieces
  4250 | D:6      | Killed Prince Ribbit
  4469 | D:6      | Noticed Sigmund
  4485 | D:6      | Killed Sigmund
  4695 | D:6      | Reached XP level 9. HP: 73/78 MP: 8/8
  4738 | D:6      | Noticed Eustachio
  4765 | D:6      | Killed Eustachio
  6388 | D:7      | Reached skill level 10 in Armour
  7632 | D:8      | Found a shimmering altar of Xom.
  7800 | D:8      | Found a glowing golden altar of the Shining One.
  7800 | D:8      | Found a glowing silver altar of Zin.
  7805 | D:8      | Found a white marble altar of Elyvilon.
  8033 | D:8      | Reached skill level 10 in Axes
  8048 | D:8      | Reached XP level 10. HP: 41/88 MP: 9/9
  8191 | D:8      | Noticed a three-headed hydra
  8198 | D:8      | HP: 3/88 [seven-headed hydra (2)]
  8199 | D:8      | Mangled by a seven-headed hydra

Illustrated notes

Levels and vault maps discovered:
D:1:      dpeg_arrival_morbid_curiosity, layout_basic,
          ebering_ecumenical_altar_sacrificial, minmay_shallow_snake_nest
D:2:      layout_basic, grunt_ministairs_15, grunt_decor_fettered, uniq_natasha,
          uniq_robin
D:3:      layout_loops_corners, dreamdust_princess_bridge
D:4:      layout_basic, kennysheep_generic_room_11, uniq_edmund,
          uniq_crazy_yiuf_cottage, uniq_duvessa
D:5:      layout_basic, minmay_temple_entry_enclosed_plants,
          amcnicky_mini_pool_medium
D:6:      layout_loops_cross, serial_shops, nicolae_shop_overgrown_old_shop,
          uniq_prince_ribbit1, uniq_sigmund, uniq_eustachio
D:7:      layout_rooms, mrwooster_statue_mirror, roderic_serpentine_path,
          serial_bayou_lagoon_b
D:8:      layout_basic, good_gods_mini_temple, mainiacjoe_overflow_paths,
          hangedman_ranch

Skill      XL: |  1  2  3  4  5  6  7  8  9 |
---------------+----------------------------+-----
Armour         | 4 5 6 8 9 10 | 10.7
Axes           | 3 4 5 7 8 10 | 10.2
Fighting       | 4 5 6 7 |  7.8
Shields        | 4 5 6 8 |  8.0

Action                   |  1- 3 |  4- 6 |  7- 9 | 10-12 || total
-------------------------+-------+-------+-------+-------++-------
Melee: War axe           |    62 |   148 |   299 |     7 ||   516
       Headbutt          |     9 |    20 |    40 |     1 ||    70
  Use: Potion            |       |     1 |     4 |       ||     5
Armor: Scale mail        |    30 |     2 |       |       ||    32
       Plate armour      |       |    86 |   184 |    18 ||   288
Dodge: Dodged            |    22 |    39 |    47 |    10 ||   118
Block: Buckler           |     8 |    37 |    25 |       ||    70
       Tower shield      |       |       |   108 |       ||   108
       Kite shield       |       |       |    21 |    10 ||    31

Table legend: (Time is in decaauts)
 A = Elapsed time spent in this place.
 B = Non-inter-level travel time spent in this place.
 C = Inter-level travel time spent in this place.
 D = Time resting spent in this place.
 E = Time spent auto-exploring this place.
 F = Levels seen in this place.
 G = Mean time per level.
                   A        B        C        D        E       F      G
               +--------+--------+--------+--------+--------+-----+--------+
         Total |   8364 |   8170 |    194 |   1605 |   5140 |   8 | 1045.5 |
       Dungeon |   8364 |   8170 |    194 |   1605 |   5140 |   8 | 1045.5 |
               +--------+--------+--------+--------+--------+-----+--------+

Top non-repeatable levels by time:
     D:7: 2154 daAuts
     D:6: 1587 daAuts
     D:8: 1015 daAuts
     D:4: 966 daAuts
     D:1: 916 daAuts
     D:3: 889 daAuts
     D:2: 686 daAuts
     D:5: 147 daAuts
